 Dungeon Crawl Stone Soup version 0.27-a0-1579-g97d2440184 (webtiles) character file.

Game seed: 17905442596185685528

10 tilp the Caller (level 2, -1/22 HPs)
             Began as a Barachi Summoner on July 17, 2021.
             Slain by a goblin (3 damage)
             ... on level 1 of the Dungeon.
             The game lasted 00:01:07 (464 turns).

tilp the Caller (Barachi Summoner)                   Turns: 464, Time: 00:01:08

Health: -1/22      AC:  2    Str:  9    XL:     2   Next: 20%
Magic:  1/5        EV: 12    Int: 15    God:
Gold:   0          SH:  0    Dex: 12    Spells: 2/5 levels left

rFire    . . .     SeeInvis .   a - +0 war axe
rCold    . . .     Faith    .   (no shield)
rNeg     . . .     Spirit   .   d - +0 robe
rPois    .         Reflect  .   (no helmet)
rElec    .         Harm     .   (no cloak)
rCorr    .         Rampage  .   (no gloves)
Will     .....                  (no boots)
Stlth    ++........             (no amulet)
HPRegen  0.07/turn              h - ring of flight
MPRegen  0.09/turn              (no ring)

@: unable to hop, flying, slow
A: amphibious, slowness 1, strong legs 1, +LOS
a: Hop


You were on level 1 of the Dungeon.
You visited 1 branch of the dungeon, and saw 1 of its levels.

Inventory:

Hand Weapons
 a - a +0 war axe (weapon)
 b - a +2 falchion of holy wrath
Armour
 d - a +0 robe (worn)
Jewellery
 c - an amulet of faith
 h - a ring of flight (left hand)
Scrolls
 e - a scroll of noise {unknown}
 f - a scroll of magic mapping {unknown}
 g - a scroll of fear {unknown}


   Skills:
 - Level 2.0 Fighting
 - Level 2.1 Dodging
 - Level 1.7 Stealth
 + Level 2.2 Spellcasting
 + Level 4.9 Summonings


You had 2 spell levels left.
You knew the following spells:

 Your Spells              Type           Power      Damage    Failure   Level
a - Summon Small Mammal   Summ           64%        N/A       3%          1
b - Call Imp              Summ           16%        N/A       4%          2

Your spell library contained the following spells:

 Spells                   Type           Power      Damage    Failure   Level
 Call Canine Familiar     Summ           16%        N/A       9%          3
 Summon Guardian Golem    Hex/Summ       9%         N/A       24%         3
 Summon Lightning Spire   Summ/Air       9%         N/A       61%         4


Dungeon Overview and Level Annotations

Branches:
Dungeon (1/15)

Altars:


Innate Abilities, Weirdness & Mutations

You are amphibious.
You cover ground slowly.
You can hop short distances.
You have an extended range of vision and can be seen from far away.


Message History

Unknown command.
You barely miss the kobold. The kobold hits you with a +0 whip.
* * * LOW HITPOINT WARNING * * *
The kobold misses you.
Hop to where?
Press: ? - help, Dir - move target Boing!
Casting: Call Imp (safe; 4% risk of failure)
Confirm with . or Enter, or press ? or * to list all spells.
A beastly little devil appears in a puff of flame.
Your crimson imp closely misses the kobold.
Unknown command.
You swap places.
Your crimson imp blinks!
Unknown command.
Casting: Call Imp (safe; 4% risk of failure)
Confirm with . or Enter, or press ? or * to list all spells.
Unknown command.
The goblin barely misses your crimson imp.
Your crimson imp blinks!
Your crimson imp blinks!
Something barely misses your crimson imp.
The kobold closely misses your rat.
Your rat barely misses the kobold.
Your crimson imp blinks!
Your rat bites the kobold but does no damage.
The goblin barely misses your crimson imp.
Your crimson imp blinks!
Your crimson imp hits the goblin.
Your rat barely misses the kobold.
You closely miss the kobold. The kobold closely misses you.
Your rat closely misses the kobold.
The kobold closely misses you.
Your rat misses the kobold. You hit the kobold but do no damage.
Your crimson imp closely misses the goblin.
Your crimson imp blinks!
The kobold closely misses you.
Your rat barely misses the kobold.
Your crimson imp blinks!
You closely miss the kobold. The kobold hits you with a +0 whip.
* * * LOW HITPOINT WARNING * * *
Your rat closely misses the kobold.
The goblin hits you with a +0 club.
You die...

#..g....# ##...#...##
#....##5.## #.[##
##..############### ##..
#.................
.##...###.#..(............
........r5...§............
#.......Kg.........#####.
##.###..@#.......>....##.
#...#####....†..##....
......# ##...†.#....#.
...... ##...##.##...
....... ######.##..†
...... ###).###.# ......
#...####.# ###...
#.#####..# ##.###...##


You could see a goblin, a kobold (ally target), 2 friendly crimson imps and a
friendly rat (summoned).

Vanquished Creatures
  A dart slug (D:1)
  An endoplasm (D:1)
  A hobgoblin (D:1)
  A kobold (D:1)
  A quokka (D:1)
  A bat (D:1)
  A frilled lizard (D:1)
  A rat (D:1)
8 creatures vanquished.

Notes
Turn   | Place    | Note
-------+----------+-------------------------------------------
     0 | D:1      | tilp the Barachi Summoner began the quest for the Orb.
     0 | D:1      | Reached XP level 1. HP: 13/13 MP: 3/3
   262 | D:1      | Reached skill level 1 in Fighting
   277 | D:1      | Reached XP level 2. HP: 11/22 MP: 5/5
   438 | D:1      | Learned a level 2 spell: Call Imp
   464 | D:1      | Slain by a goblin

Illustrated notes

Levels and vault maps discovered:
D:1:      erik_arrival_cave_to_civilisation [erik_arrival_cave_to_hall],
          layout_rooms, dreamdust_ecumenical_altar_angels_and_demons,
          minmay_cupped

Skill      XL: |  1 |
---------------+----+-----
Fighting       | 2 |  2.0
Dodging        | |  2.1
Stealth        | |  1.7
Spellcasting   | |  2.2
Summonings     | |  4.9

Action                   || total
-------------------------++-------
Melee: War axe           ||    17
 Cast: Summon Small Mamm ||     4
       Call Imp          ||     2
 Abil: Hop               ||     1
 Stab: Sleeping          ||     1
Armor: Robe              ||     4
Dodge: Dodged            ||    17

Table legend: (Time is in decaauts)
 A = Elapsed time spent in this place.
 B = Non-inter-level travel time spent in this place.
 C = Inter-level travel time spent in this place.
 D = Time resting spent in this place.
 E = Time spent auto-exploring this place.
 F = Levels seen in this place.
 G = Mean time per level.
                   A        B        C        D        E       F      G
               +--------+--------+--------+--------+--------+-----+--------+
         Total |    509 |    495 |     14 |      0 |    422 |   1 |  509.0 |
       Dungeon |    509 |    495 |     14 |      0 |    422 |   1 |  509.0 |
               +--------+--------+--------+--------+--------+-----+--------+

Top non-repeatable levels by time:
     D:1: 509 daAuts
